 Dungeon Crawl Stone Soup version 0.30-a0-1163-gf69bf04e7a (webtiles) character file.

Game seed: 9845449620799327377

393 MacCMillion the Shooter (level 6, -3/30 HPs)
             Began as a Spriggan Hunter on Apr 28, 2023.
             Killed from afar by Ijyb (15 damage)
             ... with a bolt of acid
             ... on level 5 of the Dungeon.
             The game lasted 00:03:34 (2477 turns).

MacCMillion the Shooter (Spriggan Hunter)           Turns: 2477, Time: 00:03:35

Health: -3/30      AC: -2    Str:  7    XL:     6   Next: 51%
Magic:  7/7        EV: 18    Int: 11    God:
Gold:   147        SH:  0    Dex: 20    Spells: 5/5 levels left

rFire   . . .        a - +0 shortbow
rCold   . . .        (shield currently unavailable)
rNeg    . . .        c - +0 robe
rPois   .            (helmet restricted)
rElec   .            (no cloak)
rCorr   .            (gloves unavailable)
SInv    +            (boots unavailable)
Will    +....        (no amulet)
Stlth   +++          (no ring)
HPRegen 0.25/turn    (no ring)
MPRegen 0.10/turn

%: no passive effects
@: corroded, very quick
A: very small, no large weapons, unfitting armour, see invisible, speed 3
a: no special abilities


You were on level 5 of the Dungeon.
You visited 1 branch of the dungeon, and saw 4 of its levels.

You collected 147 gold pieces.

Inventory:

Hand Weapons
 a - a +0 shortbow (weapon)
Armour
 c - a +0 robe (worn)
Scrolls
 b - 4 scrolls of immolation
 e - a scroll of blinking {unknown}
 g - a scroll of silence {unknown}
 h - 2 scrolls of teleportation {unknown}
 i - a scroll of poison {unknown}
 j - a scroll of identify {unknown}
 k - a scroll of amnesia {unknown}
Potions
 d - a potion of haste {unknown}
 f - a potion of might {unknown}


   Skills:
 - Level 1.5 Fighting
 + Level 7.5 Ranged Weapons
 - Level 2.6 Dodging
 - Level 4.0 Stealth


You had 5 spell levels left.
You didn't know any spells.
Your spell library contained the following spells:

 Spells                   Type           Power      Damage    Failure   Level
 Magic Dart               Conj           0%         1d3       34%         1
 Call Imp                 Summ           0%         N/A       47%         2
 Mephitic Cloud           Conj/Pois/Air  0%         N/A       71%         3
 Portal Projectile        Hex/Tloc       0%         N/A       71%         3
 Tukima's Dance           Hex            0%         N/A       71%         3
 Blade Hands              Tmut           0%         N/A       100%        5


Dungeon Overview and Level Annotations

Branches:
Dungeon (3/15)

Altars:
Trog
The Shining One

Shops:
D:1 [**(:

Annotations:
D:5 Ijyb


Innate Abilities, Weirdness & Mutations

You are very small and have problems with some larger weapons.
You are too small for most types of armour.
You have supernaturally acute eyesight. (SInv)
You cover ground extremely quickly. (Speed+++)


Message History

The adder hisses angrily.
The adder is almost dead.
No target in view!
No target in view!
You shoot an arrow. The arrow barely misses the adder.
The adder closely misses you.
You shoot an arrow. The arrow hits the adder!
You kill the adder!
No target in view!
Found a glowing golden altar of the Shining One.
You now have 135 gold pieces (gained 12).
There is a bloodstained altar of Trog here.
You now have 147 gold pieces (gained 12).
A white imp comes into view.
A white imp is nearby!
You shoot an arrow.
The arrow hits the white imp but does no damage.
The white imp shouts!
You shoot an arrow. The arrow hits the white imp!
You kill the white imp!
A quokka comes into view.
You shoot an arrow. The arrow barely misses the quokka.
Ijyb the Twisted Goblin comes into view.
She is wielding a +1 dagger of venom and carrying a wand of acid (13).
You shoot an arrow.
Ijyb shouts!
The arrow hits the quokka!
You kill the quokka!
You shoot an arrow. The arrow hits Ijyb!
Ijyb is moderately wounded.
You shoot an arrow. The arrow hits Ijyb!
Ijyb is severely wounded.
You shoot an arrow. The arrow barely misses Ijyb.
Ijyb zaps a wand.
The bolt of acid hits you!!
Ouch! That really hurt!
The acid corrodes you!
You are too injured to fight recklessly!
Unknown command.
Ijyb zaps a wand.
The bolt of acid hits you!
Ouch! That really hurt!
You die...

#####....## ###
......_...# ...
#........## #.#
#.........# #.#
#....♣....# #.#
#.........# ##.##
.##.###.........#
#...#
......$.@.._....#
#...##
...g.##.#.....#.#
#..... .†.
#..#####..####...##
. ###.
##.##.........
#.#.............
......#.........
##.##.###.......
#.## #.#..... #
#.#...#.


You could see Ijyb.

Vanquished Creatures
  Menkaure (D:5)
  A black bear (D:5)
  A howler monkey (D:5)
  A hound (D:5)
  An iguana (D:5)
  3 adders
  A white imp (D:5)
  A worm (D:2)
  A dart slug (D:1)
  2 orcs
  4 bats
  2 endoplasms
  2 giant cockroaches
  2 goblins (D:2)
  3 hobgoblins
  4 jackals (D:1)
  A quokka (D:5)
  3 ball pythons (D:2)
  2 frilled lizards (D:2)
  2 rats (D:1)
38 creatures vanquished.

Notes
Turn   | Place    | Note
-------+----------+-------------------------------------------
     0 | D:1      | MacCMillion the Spriggan Hunter began the quest for the
                  | Orb.
     0 | D:1      | Reached XP level 1. HP: 10/10 MP: 2/2
    19 | D:1      | Found Kacruture's Assorted Antiques.
    67 | D:1      | Found Bareil's Antique Weapon Boutique.
   110 | D:1      | Found Qulosk's Book Boutique.
   153 | D:1      | Reached XP level 2. HP: 14/14 MP: 3/3
   263 | D:1      | Found Hesit's General Store.
   297 | D:1      | Found Nuag's Antique Armour Boutique.
  1062 | D:2      | Reached XP level 3. HP: 18/18 MP: 4/4
  1111 | D:2      | Found a faded altar of an unknown god.
  2137 | D:3      | You fall into a shaft and drop 2 floors!
  2137 | D:5      | Entered Level 5 of the Dungeon
  2164 | D:5      | Reached skill level 5 in Ranged Weapons
  2164 | D:5      | Reached XP level 4. HP: 22/22 MP: 5/5
  2178 | D:5      | Noticed a black bear
  2285 | D:5      | Killed a black bear
  2286 | D:5      | Reached skill level 6 in Ranged Weapons
  2286 | D:5      | Reached XP level 5. HP: 23/25 MP: 6/6
  2295 | D:5      | Noticed Menkaure
  2308 | D:5      | Killed Menkaure
  2309 | D:5      | Reached skill level 7 in Ranged Weapons
  2309 | D:5      | Reached XP level 6. HP: 6/30 MP: 7/7
  2451 | D:5      | Found a bloodstained altar of Trog.
  2459 | D:5      | Found a glowing golden altar of the Shining One.
  2472 | D:5      | Noticed Ijyb
  2477 | D:5      | Killed from afar by Ijyb

Illustrated notes

Levels and vault maps discovered:
D:1:      scummos_arrival_simple_crosswalls, layout_basic, serial_rivers,
          chequers_serial_rivers_large_b, chequers_serial_rivers_room_a,
          chequers_serial_rivers_small_b, chequers_serial_rivers_room_b,
          serial_shops, shop, shop, nicolae_square_shop,
          nicolae_shop_overgrown_old_shop, nicolae_book_shop_shelving
D:2:      layout_loops_corners, basic_ecumenical_altar,
          minmay_misc_feat_four_crosses
D:3:      layout_loops_ring, serial_shops, shop
D:5:      layout_loops_cross, grunt_temple_overflow_open, serial_shops,
          nicolae_shop_behind_doors, nicolae_shop_window_shopping, shop,
          dreamdust_princess_bridge, uniq_ijyb, uniq_menkaure

Skill      XL: |  1  2  3  4  5 |
---------------+----------------+-----
Stealth        | 2 3 4 |  4.0
Ranged Weapons | 5 6 7 |  7.5
Fighting       | |  1.5
Dodging        | |  2.6

Action                     |  1- 3 |  4- 6 || total
---------------------------+-------+-------++-------
   Fire: Shortbow          |    83 |    54 ||   137
 Armour: Robe              |     5 |     2 ||     7
  Dodge: Dodged            |    20 |    22 ||    42

Table legend: (Time is in decaauts)
 A = Elapsed time spent in this place.
 B = Non-inter-level travel time spent in this place.
 C = Inter-level travel time spent in this place.
 D = Time resting spent in this place.
 E = Time spent auto-exploring this place.
 F = Levels seen in this place.
 G = Mean time per level.
                   A        B        C        D        E       F      G
               +--------+--------+--------+--------+--------+-----+--------+
         Total |   1874 |   1758 |    116 |    602 |    871 |   4 |  468.5 |
       Dungeon |   1874 |   1758 |    116 |    602 |    871 |   4 |  468.5 |
               +--------+--------+--------+--------+--------+-----+--------+

Top non-repeatable levels by time:
     D:2: 1046 daAuts
     D:1: 418 daAuts
     D:5: 290 daAuts
     D:3: 118 daAuts
